 Dungeon Crawl Stone Soup version 0.25-a0-185-g6cfeca75b2 (webtiles) character file.

Game seed: 3020903125579965269, levelgen mode: deterministic

5 vurker the Gusty (level 1, 11/11 HPs)
             Began as a Tengu Air Elementalist on Nov 27, 2019.
             Got out of the dungeon alive.
             The game lasted 00:00:29 (332 turns).

vurker the Gusty (Tengu Air Elementalist)            Turns: 332, Time: 00:00:29

Health: 11/11      AC:  3    Str:  8    XL:     1   Next: 80%
Magic:  4/4        EV: 12    Int: 15    God:
Gold:   13         SH:  0    Dex: 14    Spells: 3/4 levels left

rFire    . . .     SeeInvis .   c - -3 short sword (curse)
rCold    . . .     Gourm    .   (no shield)
rNeg     . . .     Faith    .   a - +1 robe
rPois    .         Spirit   .   (helmet restricted)
rElec    .         Reflect  .   (no cloak)
rCorr    .         Harm     .   (no gloves)
MR       .....                  (boots unavailable)
Stlth    ++........             (no amulet)
HPRegen  0.03/turn              (no ring)
MPRegen  0.09/turn              (no ring)

@: no status effects
A: beak, talons 3
a: no special abilities


You escaped.
You were not hungry.

You visited 1 branch of the dungeon, and saw 1 of its levels.

You collected 13 gold pieces.

Inventory:

Hand Weapons
 c - a cursed -3 short sword (weapon)
   (You found it on level 1 of the Dungeon)
Armour
 a - a +1 robe (worn)
Scrolls
 d - 2 scrolls of enchant armour
Potions
 b - a potion of resistance {unknown}
Comestibles
 e - 2 rations
 f - 3 chunks of flesh


   Skills:
 + Level 0.3 Fighting
 - Level 2.1 Dodging
 - Level 2.0 Stealth
 * Level 2.1 Spellcasting
 * Level 1.6 Conjurations
 * Level 4.1 Air Magic


You had 3 spell levels left.
You knew the following spells:

 Your Spells              Type           Power        Failure   Level  Hunger
a - Shock                 Conj/Air       ##..         7%          1    #......

Your spell library contained the following spells:

 Spells                   Type           Power        Failure   Level  Hunger
 Swiftness                Chrm/Air       #.......     14%         2    ###....
 Static Discharge         Conj/Air       ##......     21%         3    ###....
 Airstrike                Air            ##........   36%         4    #####..
 Lightning Bolt           Conj/Air       ##........   88%         5    ######.


Dungeon Overview and Level Annotations

Branches:
Dungeon (1/15)

Altars:


Innate Abilities, Weirdness & Mutations

You have a beak for a mouth.
You have claws for feet.


Message History

You miscast Shock.
You are very lightly contaminated with residual magic.
Nothing appears to happen.
Aim: a giant cockroach (resting)
The zap hits the giant cockroach.
Aim: a giant cockroach (severely wounded)
The zap misses the giant cockroach.
Aim: a giant cockroach (severely wounded)
The zap hits the giant cockroach.
You kill the giant cockroach!
You don't have enough magic to cast that spell.
Your magical contamination has completely faded away.
A kobold comes into view.
The kobold shouts!
Found a stone staircase leading down.
A kobold is nearby!
A kobold is nearby!
A kobold is nearby!
A kobold comes into view. It is wielding a +0 short sword.
You see here a giant cockroach corpse.
Aim: a kobold The zap hits the kobold.
The kobold shouts!
Aim: a kobold (severely wounded)
The zap hits the kobold.
You kill the kobold!
Aim: a kobold, wielding a +0 short sword The zap misses the kobold.
The zap hits the kobold.
Aim: a kobold, wielding a +0 short sword (severely wounded)
The zap misses the kobold.
You don't have enough magic to cast that spell.
You barely miss the kobold. The kobold closely misses you.
The kobold hits you with a +0 short sword.
You closely miss the kobold. You peck the kobold, but do no damage.
The kobold hits you but does no damage.
You hit the kobold.
You kill the kobold!
No target in view!
You butcher the giant cockroach corpse.
f - 3 chunks of flesh (gained 2)
Things that are here:
a +0 short sword; a leather armour
Found 17 bolts.
You see here a pair of boots.
There is an open door here.
There is an open door here.
There is an open door here.
There is a staircase leading out of the dungeon here.
Are you sure you want to leave the Dungeon?
This will make you lose the game!
You have escaped!

.)......########.####
.......##
##.......### ......##
#...........##
...†..#
#....#####....##
#.....#
...#########.(.#
.....##
..##.......##..##
#....# .
#..##'##..#...#
###..# #.
#.##...##.##..# #.
#.##.@.##.##..# #..
#.##...##.##..#
#...#..#####..#...#
#..##.......##..##
#...####.####...#
#....##'##....##
#...........##
###.......###
#########


There were no monsters in sight!

Vanquished Creatures
  A giant cockroach (D:1)
  A goblin (D:1)
  A ball python (D:1)
  2 kobolds (D:1)
5 creatures vanquished.

Notes
Turn   | Place    | Note
-------+----------+-------------------------------------------
     0 | D:1      | vurker the Tengu Air Elementalist began the quest for the
                  | Orb.
     0 | D:1      | Reached XP level 1. HP: 10/10 MP: 4/4
   332 | D:$      | Got out of the dungeon alive.

Levels and vault maps discovered:
D:1:      dpeg_arrival_concentric_ovals, layout_rooms

Action                   || total
-------------------------++-------
Melee: Short sword       ||     4
       Peck              ||     2
 Cast: Shock             ||    13
  Use: Scroll            ||     1
Armor: Robe              ||     1
Dodge: Dodged            ||     2

Table legend:
 A = Non-vault XP
 B = Vault XP
 C = Vault XP percentage of total XP
 D = Non-vault monster count
 E = Vault monster count
 F = Vault count percentage of total count
                 A         B        C        D         E       F
            +---------+---------+-------+---------+---------+-------
      Total |       8 |       0 |   0.0 |       5 |       0 |   0.0
            +---------+---------+-------+---------+---------+-------
        D:1 |       8 |       0 |   0.0 |       5 |       0 |   0.0
            +---------+---------+-------+---------+---------+-------
